 Dungeon Crawl Stone Soup version 0.14-a0-2810-g474977d (webtiles) character file.

119 Quh the Sneak (level 3, 0/16 HPs)
             Began as a Spriggan Enchanter on Feb 25, 2014.
             Slain by an adder (2 damage)
             ... on Level 2 of the Dungeon.
             The game lasted 00:08:58 (1930 turns).

Quh the Sneak (Spriggan Enchanter)                  Turns: 1930, Time: 00:08:59

HP   0/16        AC  3     Str  5      XL: 3   Next: 57%
MP   9/9         EV 18     Int 19      God:
Gold 68          SH  0     Dex 16      Spells:  1 memorised,  6 levels left

rFire  . . .     SeeInvis +     a - +1 dagger
rCold  . . .     Clarity  .     b - +1 robe
rNeg   + . .     Conserve .     (shield restricted)
rPois  .         rCorr    .     (helmet restricted)
rElec  .         rRot     .     (no cloak)
SustAb . .       Spirit   .     (gloves unavailable)
rMut   .         Warding  +     (boots unavailable)
Saprov . . .     Stasis   .     m - amulet of warding
MR     .....                    (no ring)
                                p - +3 ring of intelligence

@: very quick, not resistant to hostile enchantments, quite stealthy
A: unfitting armour, see invisible, herbivore 3, speed 3, slow metabolism 2
a: no special abilities


You were on level 2 of the Dungeon.
You were not hungry.

You visited 1 branch of the dungeon, and saw 2 of its levels.

You collected 68 gold pieces.

Inventory:

Hand weapons
 a - a +1,+1 dagger (weapon)
 h - a +0,+0 short sword
 i - a +0,+0 dagger
 l - a cursed +0,+0 dagger
Missiles
 d - 12 darts (quivered)
Armour
 b - a +1 robe (worn)
Comestibles
 g - 5 bread rations
 j - an apple
Scrolls
 f - a scroll of fear
 k - a scroll of teleportation
 n - a scroll of remove curse {unknown}
Jewellery
 m - an amulet of warding (around neck)
 p - a +3 ring of intelligence (left hand)
Potions
 e - a potion of porridge
 o - a potion of brilliance {unknown}
Books
 c - a book of Maledictions

   Spells                             Type                      Level
   *Corona                            Hexes                        1
   Sure Blade                         Hexes/Charms                 2
   Ensorcelled Hibernation            Hexes/Ice                    2
   Confuse                            Hexes                        3
   Enslavement                        Hexes                        4
   Invisibility                       Hexes                        6


   Skills:
 * Level 2.4 Short Blades
 - Level 1.1 Throwing
 - Level 3.1 Dodging
 * Level 4.5 Stealth
 - Level 2.9 Spellcasting
 - Level 3.9 Hexes


You had 6 spell levels left.
You knew the following spells:

 Your Spells              Type           Power        Failure   Level  Hunger
a - Corona                Hex            ###....      3%          1    None


Dungeon Overview and Level Annotations

Branches:
Dungeon (2/16)

Altars:
Trog


Innate Abilities, Weirdness & Mutations

You are tiny and cannot use many weapons and most armour.
You have supernaturally acute eyesight.
You are a herbivore.
You cover ground extremely quickly.
You need consume almost no food.


Message History

The adder misses you.
You miss the adder.
The adder is lightly wounded.
The adder closely misses you.
You hit the adder but do no damage.
The adder is lightly wounded.
The adder bites you.
You hit the adder.
The adder is moderately wounded.
The adder bites you.
* * * LOW HITPOINT WARNING * * *
* * * LOW HITPOINT WARNING * * *
You feel sick.
You feel better.
There is a stone staircase leading up here.
You can't go down here!
You climb upwards.
There is a stone staircase leading down here.
You climb downwards.
The adder bites you.
You die...

.#.#.# #...#..####### .#.#.#
#.#.#......<.. ...#.#
#.#.#.......#. .#.#.#
#.#.#.#...(.#. .#.#.
#.#.#...#...#. .#.#
#######.#.....#...#. .#.########
#.......#...#.#..%#. .#.......[.
#.#######.#.......#. ##.#######.
#.#@........#.#...#. ##'####
#.S.#####.###.#.#.#. #.....#
###..............)#. #.....######
#........####.##..
#............###........####.#...
#....[###...............+........
#.....# ......(........########.
#.....# ...............# #.....
#.....# .......#.......# #.####


You could see an adder.

Vanquished Creatures
  A worm (D:2)
  3 giant geckos
  An ooze (D:1)
  A ball python (D:1)
  5 bats
  3 giant cockroaches
  5 goblins
  4 hobgoblins
  3 jackals (D:1)
  8 giant newts
  4 kobolds
  2 rats (D:1)
40 creatures vanquished.

Notes
Turn   | Place    | Note
--------------------------------------------------------------
     0 | D:1      | Quh, the Spriggan Enchanter, began the quest for the Orb.
     0 | D:1      | Reached XP level 1. HP: 9/9 MP: 4/4
   306 | D:1      | Reached XP level 2. HP: 11/13 MP: 7/7
   969 | D:1      | Reached skill level 4 in Stealth
  1164 | D:1      | Reached XP level 3. HP: 16/16 MP: 9/9
  1474 | D:2      | Found a bloodstained altar of Trog.
  1930 | D:2      | Slain by an adder

Action                   || total
-------------------------++-------
Melee: Dagger            ||   191
 Cast: Corona            ||     7
  Use: Scroll            ||     3
 Stab: Sleeping          ||     4
